 Dungeon Crawl Stone Soup version 0.30.0-29-ga12c61a403 (webtiles) character file.

Game seed: 6825801111855675867

81843 qw the Severer (level 15, 0/97 HPs)
             Began as a Gargoyle Fighter on June 5, 2023.
             Was a High Priest of Okawaru.
             Slain by a deep troll (3 damage)
             ... on level 15 of the Dungeon.
             The game lasted 00:10:32 (21692 turns).

qw the Severer (Gargoyle Fighter)                  Turns: 21692, Time: 00:10:32

Health: 0/97       AC: 38    Str: 28    XL:     15   Next: 71%
Magic:  22/22      EV: 15    Int: 14    God:    Okawaru [*****.]
Gold:   873        SH:  8    Dex: 10    Spells: 14/14 levels left

rFire   + + .        Y - +2 broad axe (elec)
rCold   + + .        o - +1 buckler of the Kangaroo {rC++ Str+2 Int+2 Dex-5}
rNeg    + . .        c - +0 plate armour
rPois   inf          u - +1 hat "Munysel" {Rampage rF++ Will+ Int+2}
rElec   +            n - +2 cloak
rCorr   .            h - +1 pair of gloves
SInv    .            w - +0 pair of boots
Will    ++...        t - amulet of faith
Stlth   x              - +5 ring of evasion
HPRegen 0.36/turn    i - +6 ring of dexterity
MPRegen 0.18/turn

%: rampage, faith
@: about to teleport, heroic, flying
A: sickness immunity, AC +11, big wings, negative energy resistance 1,
electricity resistance, torment resistance 1, petrification resistance
a: Renounce Religion, Heroism, Finesse, Duel


You were on level 15 of the Dungeon.
You worshipped Okawaru.
Okawaru was extremely pleased with you.
You visited 3 branches of the dungeon, and saw 21 of its levels.

You collected 1622 gold pieces.
You spent 749 gold pieces at shops.


Innate Abilities, Weirdness & Mutations

You are immune to sickness and miasma.
Your stone body is resilient. (AC +11)
You are immune to poison.
Your large and strong wings let you fly.
You resist negative energy. (rN+)
You are resistant to electric shocks. (rElec)
You are resistant to unholy torment.
You are immune to petrification.


   Skills:
 + Level 12.6(17.6) Fighting
 - Level 17.0(22.0) Axes
 - Level 7.0(12.0) Throwing
 - Level 12.0(17.0) Armour
 - Level 3.0(8.0) Dodging
 - Level 8.0(13.0) Shields
 - Level 10.0 Invocations


You had 14 spell levels left.
You didn't know any spells.
Your spell library was empty.

Inventory:

Hand Weapons
 G - the +5 eveningstar of Distraction {protect, rF+}
   (You acquired it on level 13 of the Dungeon)

   rF:        It protects you from fire.
 Y - a +2 broad axe of electrocution (weapon)
Missiles
 g - 7 boomerangs
 l - 7 javelins
 B - a silver javelin (quivered)
Armour
 c - a +0 plate armour (worn)
 h - a +1 pair of gloves (worn)
 j - the +0 troll leather armour of Suet {rF+ rC+ Regen+ rCorr}
   (You found it on level 5 of the Lair of Beasts)

   rF:        It protects you from fire.
   rC:        It protects you from cold.
   Regen:     It increases your rate of health regeneration.
   rCorr:     It protects you from acid and corrosion.
 n - a +2 cloak (worn)
 o - the +1 buckler of the Kangaroo (worn) {rC++ Str+2 Int+2 Dex-5}
   (You found it on level 10 of the Dungeon)

   Str:       It affects your strength (+2).
   Int:       It affects your intelligence (+2).
   Dex:       It affects your dexterity (-5).
   rC:        It greatly protects you from cold.
 s - a +1 helmet
 u - the +1 hat "Munysel" (worn) {Rampage rF++ Will+ Int+2}
   (You found it on level 8 of the Dungeon)

   Int:       It affects your intelligence (+2).
   rF:        It greatly protects you from fire.
   Rampage:   It bestows one free step when moving towards enemies.
   Will:      It increases your willpower.
 v - a +2 buckler
 w - a +0 pair of boots (worn)
 y - +0 fire dragon scales
 F - a scarf of resistance
Jewellery
 i - a +6 ring of dexterity (right hand)
 p - an amulet of reflection
 t - an amulet of faith (around neck)
 x - a +5 ring of evasion (left hand)
 C - a ring of protection from cold
 D - the ring of Hard Scrabble {rN+ rCorr Int+2 Stlth+}
   (You found it on level 5 of the Lair of Beasts)

   [ring of positive energy]

   Int:       It affects your intelligence (+2).
   rN:        It protects you from negative energy.
   rCorr:     It protects you from acid and corrosion.
   Stlth:     It makes you more stealthy.
 E - a ring of fire
 H - a ring of see invisible
Wands
 I - a wand of digging (6)
Scrolls
 a - 12 scrolls of identify
 k - 11 scrolls of teleportation
Potions
 b - 2 potions of magic
 d - 4 potions of might
 e - 6 potions of haste
 f - 5 potions of resistance
 m - 6 potions of curing
 q - 5 potions of mutation
 r - 3 potions of attraction
 z - a potion of cancellation

Dungeon Overview and Level Annotations

Branches:
Dungeon (15/15) Temple (1/1) D:6 Lair (5/5) D:9 Shoals (0/4) Lair:3 Spider (0/4) Lair:3 Slime (0/5) Lair:4 Orc (0/2) D:9 Vaults (0/5) D:12 D:13 Depths: D:15

Altars:
Ashenzari
Cheibriados
Dithmenos
Elyvilon
Fedhas
Gozag
Hepliaklqana
Kikubaaqudgha
Makhleb
Nemelex Xobeh
Okawaru
Qazlal
Ru
Sif Muna
Trog
Uskayaw
Vehumet
Wu Jian
Xom
Yredelemnul
Zin
The Shining One
Jiyva

Shops:
D:5 [*(*[   D:9 [(   D:10 [

Annotations:
D:5 2 runed translucent doors, Crazy Yiuf; qw's ghost, novice GrFi


Message History

The tengu warrior blocks your attack.
The tengu warrior is almost dead.
You barely miss the deep troll. You miss something.
The deep troll closely misses you. The deep troll claws you!
The deep troll claws you but does no damage.
You hear some strange, mumbled words.
You closely miss the tengu warrior.
The tengu warrior is almost dead.
You hit something. You barely miss the deep troll.
The tengu warrior hits you but does no damage.
The tengu warrior pecks you but does no damage.
You block the tengu warrior's attack. The deep troll bites you.
The deep troll completely misses you. The deep troll claws you!
You hear some strange, mumbled words.
Something hits you but does no damage.
21689 ||| READING 12 scrolls of teleportation.
As you read the scroll of teleportation, it crumbles to dust.
You feel strangely unstable.
You hear some strange, mumbled words.
You block the deep troll's attack. The deep troll closely misses you.
The deep troll claws you but does no damage.
The tengu warrior hits you with a +2 heavy broad axe!
The tengu warrior closely misses you. You block the tengu warrior's attack.
The tengu warrior blocks your attack.
The tengu warrior is almost dead.
You completely miss the deep troll.
The ogre mage shouts!
The tengu warrior blocks your attack.
The tengu warrior is almost dead.
You slash the deep troll! You block the deep troll's attack.
The deep troll misses you. The deep troll closely misses you.
You block the tengu warrior's attack.
The tengu warrior pecks you but does no damage.
The tengu warrior claws you but does no damage.
You slash the tengu warrior!
You kill the tengu warrior!
Okawaru accepts your kill.
You closely miss something. You barely miss the deep troll.
The deep troll bites you.
You die...

.#.# .# .#.##### #..#
.#.....# #..# #.#.#..#
#..# .#...#.#####..#
.#.....#......##########
.#}..#..................
.####.####.......)......
.. ..#.. #......@T......
# ##. ...#...))){.......
# ..#...<((.....O<.
.#.#.#[))........
..#..............
##.#.............. #
#...########### ##.## #.


You could see an ogre mage and a deep troll.

Vanquished Creatures
  2 fire dragons (Lair:5)
  Josephine (D:15)
  An entropy weaver (shapeshifter) (D:14)
  5 hydras
  A death knight (D:14)
  4 centaur warriors
  2 catoblepae
  10 two-headed ogres
  5 boulder beetles
  2 tengu warriors
  A skyshark (Lair:4)
  8 skeletal warriors
  A deep troll (D:15)
  A swamp dragon (Lair:5)
  A deep elf pyromancer (D:10)
  An orc knight (D:12)
  2 wolf spiders
  6 cyclopes
  2 ugly things
  5 manticores
  8 elephants
  A merfolk siren (Lair:3)
  A guardian serpent (Lair:5)
  7 black mambas
  A torpor snail (Lair:3)
  A gargoyle (D:13)
  19 cane toads
  4 kobold demonologists (D:10)
  13 rime drakes
  10 komodo dragons
  An unseen horror (shapeshifter) (D:13)
  3 burning bushes (Lair:2)
  A queen bee (Lair:2)
  4 polar bears
  A merfolk (Lair:3)
  4 trolls
  3 hornets
  Prince Ribbit (D:6)
  4 blink frogs (Lair:2)
  7 dream sheep (Lair:5)
  16 slime creatures
  A vampire (D:11)
  A centaur simulacrum (D:10)
  Sigmund (D:3)
  2 shadows
  57 yaks
  9 wyverns
  6 wraiths
  16 humans
  10 steam dragons (Lair:5)
  6 vampire mosquitoes
  2 redbacks (Lair:5)
  2 basilisks (Lair:5)
  Edmund (D:6)
  An acid dragon (D:8)
  21 water moccasins
  4 orc warriors
  2 swamp drakes (Lair:5)
  2 black bears
  An ice beast (D:7)
  An ogre (D:15)
  11 centaurs
  3 kobold brigands
  Blork the orc (D:6)
  11 bullfrogs
  4 scorpions
  25 killer bees
  An electric eel (Lair:3)
  4 howler monkeys
  A hound (D:5)
  4 jellies
  3 orc priests
  Jessica (D:2)
  A gnoll bouda (D:4)
  5 iguanas
  6 orc wizards
  3 gnolls (D:4)
  9 adders
  2 shadow imps (D:6)
  5 worms
  A dart slug (D:1)
  35 orcs
  7 bats
  3 endoplasms
  5 giant cockroaches
  6 goblins
  14 hobgoblins
  2 jackals (D:1)
  4 quokkas
  9 ball pythons
  7 frilled lizards
  12 kobolds
  4 rats
526 creatures vanquished.

Vanquished Creatures (others)
  A lindwurm (Lair:5)
  A rime drake (Lair:5)
  A human (D:13)
  3 spectral weapons
6 creatures vanquished.

Grand Total: 532 creatures vanquished

Notes
Turn   | Place    | Note
-------+----------+-------------------------------------------
     0 | D:1      | qw the Gargoyle Fighter began the quest for the Orb.
     0 | D:1      | Reached XP level 1. HP: 14/14 MP: 1/1
     0 | D:1      | 0 ||| qw: Version: 0.2-a-108-gee2c290
     0 | D:1      | 0 ||| qw: Game counter: 1363
     0 | D:1      | 0 ||| qw: Always use a shield: true
     0 | D:1      | 0 ||| qw: God list: Okawaru
     0 | D:1      | 0 ||| qw: Allow faded altars: false
     0 | D:1      | 0 ||| qw: Do Orc after D:15 true
     0 | D:1      | 0 ||| qw: Do second Lair branch before Depths: true
     0 | D:1      | 0 ||| qw: Lair rune preference: random
     0 | D:1      | 0 ||| qw: Plans: Normal, Zot:1-4, Slime:5, God:TSO, Crypt,
                  | Tomb, Abyss, Pan, Hells, Win
     0 | D:1      | 0 ||| PLANNING D:1-11
    98 | D:1      | Reached skill level 2 in Axes
   204 | D:1      | Reached XP level 2. HP: 17/19 MP: 2/2
   407 | D:1      | 407 ||| Stepping ~*~*~tactically~*~*~ (stealth).
   423 | D:1      | Reached skill level 3 in Axes
   482 | D:1      | 482 ||| DROPPING +0 club.
   504 | D:1      | Reached XP level 3. HP: 23/23 MP: 3/3
   516 | D:1      | 516 ||| Stepping ~*~*~tactically~*~*~ (stealth).
   524 | D:1      | 524 ||| Stepping ~*~*~tactically~*~*~ (stealth).
   841 | D:1      | 841 ||| UPGRADING to amulet of regeneration.
   846 | D:1      | 846 ||| DROPPING ring of wizardry.
   847 | D:1      | 847 ||| READING 3 scrolls labelled WEPHURO OSIOCH.
   848 | D:1      | 848 ||| READING scroll labelled HYDORH GEMMAE.
   853 | D:1      | 853 ||| READING scroll labelled GOGIUR ELABOE.
   999 | D:2      | Found a faded altar of an unknown god.
  1052 | D:2      | Reached XP level 4. HP: 28/28 MP: 4/4
  1140 | D:2      | Noticed Jessica
  1146 | D:2      | Killed Jessica
  1147 | D:2      | Reached skill level 4 in Axes
  1181 | D:2      | 1181 ||| Stepping ~*~*~tactically~*~*~ (stealth).
  1182 | D:2      | 1182 ||| Stepping ~*~*~tactically~*~*~ (stealth).
  1199 | D:2      | 1199 ||| Stepping ~*~*~tactically~*~*~ (stealth).
  1208 | D:2      | 1208 ||| Stepping ~*~*~tactically~*~*~ (stealth).
  1209 | D:2      | 1209 ||| Stepping ~*~*~tactically~*~*~ (stealth).
  1256 | D:2      | 1256 ||| Stepping ~*~*~tactically~*~*~ (stealth).
  1767 | D:2      | 1767 ||| READING scroll labelled ONUMUEREOP.
  1768 | D:2      | 1768 ||| READING scroll labelled SEKASA HUMPU.
  1769 | D:2      | 1769 ||| READING 4 scrolls of identify.
  1769 | D:2      | 1769 ||| IDENTIFYING ruby potion
  1770 | D:2      | 1770 ||| READING 3 scrolls of identify.
  1770 | D:2      | 1770 ||| IDENTIFYING inky potion
  1771 | D:2      | 1771 ||| READING 2 scrolls of identify.
  1771 | D:2      | 1771 ||| IDENTIFYING green potion
  1772 | D:2      | 1772 ||| DROPPING potion of invisibility.
  1807 | D:3      | 1807 ||| DROPPING +0 whip.
  1867 | D:3      | Reached XP level 5. HP: 25/32 MP: 5/5
  1867 | D:3      | 1867 ||| FLEEEEING.
  1868 | D:3      | 1868 ||| FLEEEEING.
  1869 | D:3      | 1869 ||| FLEEEEING.
  1870 | D:3      | 1870 ||| FLEEEEING.
  2047 | D:3      | Reached skill level 5 in Axes
  2123 | D:3      | 2123 ||| Stepping ~*~*~tactically~*~*~ (stealth).
  2136 | D:3      | Noticed Sigmund
  2137 | D:3      | 2137 ||| Stepping ~*~*~tactically~*~*~ (hiding).
  2145 | D:3      | Killed Sigmund
  2146 | D:3      | Reached XP level 6. HP: 34/40 MP: 6/6
  2201 | D:3      | Found a stormy altar of Qazlal.
  2341 | D:3      | Found a blossoming altar of Fedhas.
  2500 | D:3      | Found a hide-covered altar of Uskayaw.
  2530 | D:3      | Found a faded altar of an unknown god.
  2530 | D:3      | Found a shimmering altar of Xom.
  2549 | D:3      | Found a faded altar of an unknown god.
  2551 | D:3      | Found a bloodstained altar of Trog.
  2553 | D:3      | Found an ornate altar of the Wu Jian Council.
  2607 | D:3      | 2607 ||| UPGRADING to +0 chain mail.
  2617 | D:3      | 2617 ||| DROPPING +0 scale mail.
  2618 | D:3      | 2618 ||| UPGRADING to +2 cloak.
  2623 | D:3      | 2623 ||| UPGRADING to amulet of reflection.
  2633 | D:3      | 2633 ||| DROPPING amulet of regeneration.
  2634 | D:3      | 2634 ||| READING scroll labelled FIFFAYTOTE.
  2635 | D:3      | 2635 ||| READING scroll labelled XYABAX ADYWISO.
  2795 | D:4      | 2795 ||| Stepping ~*~*~tactically~*~*~ (stealth).
  2818 | D:4      | 2818 ||| Stepping ~*~*~tactically~*~*~ (hiding).
  2826 | D:4      | Reached XP level 7. HP: 44/44 MP: 7/7
  3058 | D:4      | 3058 ||| DROPPING +0 mace of protection.
  3504 | D:4      | 3504 ||| READING scroll labelled ZIRAHAPN VUSSA.
  3505 | D:4      | 3505 ||| READING 4 scrolls of identify.
  3505 | D:4      | 3505 ||| IDENTIFYING lumpy white potion
  3506 | D:4      | 3506 ||| READING 3 scrolls of identify.
  3506 | D:4      | 3506 ||| IDENTIFYING red potion
  3507 | D:4      | 3507 ||| READING 2 scrolls of identify.
  3507 | D:4      | 3507 ||| IDENTIFYING murky purple potion
  3508 | D:4      | 3508 ||| DROPPING potion of berserk rage.
  3533 | D:5      | Entered Level 5 of the Dungeon
  3537 | D:5      | 3537 ||| STAIRDANCE
  3585 | D:5      | 3585 ||| STAIRDANCE
  3590 | D:4      | Reached skill level 6 in Axes
  3636 | D:5      | 3636 ||| STAIRDANCE
  3657 | D:5      | Reached skill level 1 in Dodging
  3696 | D:5      | 3696 ||| FLEEEEING.
  3698 | D:5      | 3698 ||| STAIRDANCE
  3809 | D:5      | Found a runed translucent door.
  3810 | D:5      | Noticed Crazy Yiuf
  3826 | D:5      | Found Duav's Weapon Emporium.
  3828 | D:5      | Found Ydasup's General Store.
  3840 | D:5      | 3840 ||| BUYING scroll of teleportation (36 gold).
  3840 | D:5      | Bought a scroll of teleportation for 36 gold pieces
  3842 | D:5      | Found a runed translucent door.
  3843 | D:5      | Noticed qw's ghost (novice GrFi)
  3861 | D:5      | Found Divic's Antique Armour Emporium.
  3866 | D:5      | 3866 ||| SHOPLISTING glowing plate armour (754 gold, have
                  | 281).
  3866 | D:5      | 3866 ||| BUYING pair of gloves (130 gold).
  3866 | D:5      | Bought a pair of gloves for 130 gold pieces
  3866 | D:5      | 3866 ||| SHOPLISTING pair of scorched gloves (275 gold,
                  | have 151).
  3866 | D:5      | 3866 ||| SHOPLISTING runed helmet (217 gold, have 151).
  3866 | D:5      | 3866 ||| SHOPLISTING shiny chain mail (217 gold, have 151).
  3934 | D:5      | Found Vunor's Antique Armour Shoppe.
  3945 | D:5      | 3945 ||| SHOPLISTING plate armour (667 gold, have 171).
  3945 | D:5      | 3945 ||| SHOPLISTING runed scale mail (203 gold, have 171).
  3998 | D:5      | Found Zeabo's Assorted Antiques.
  4001 | D:5      | 4001 ||| BUYING metallic ruby potion (22 gold).
  4001 | D:5      | Bought a metallic ruby potion for 22 gold pieces
  4001 | D:5      | 4001 ||| SHOPLISTING scroll of enchant armour (187 gold,
                  | have 149).
  4001 | D:5      | 4001 ||| BUYING scroll of identify (50 gold).
  4001 | D:5      | Bought a scroll of identify for 50 gold pieces
  4164 | D:5      | Found a sacrificial altar of Ru.
  4208 | D:5      | 4208 ||| UPGRADING to +0 pair of gloves.
  4213 | D:5      | 4213 ||| READING scroll labelled TECLEH PIH.
  4314 | D:5      | 4314 ||| READING 2 scrolls of identify.
  4314 | D:5      | 4314 ||| IDENTIFYING metallic white potion
  4315 | D:5      | 4315 ||| DROPPING potion of degeneration.
  4392 | D:6      | Noticed Blork the orc
  4393 | D:6      | 4393 ||| Stepping ~*~*~tactically~*~*~ (hiding).
  4403 | D:6      | Killed Blork the orc
  4508 | D:6      | Reached skill level 7 in Axes
  4531 | D:6      | Noticed Edmund
  4539 | D:6      | HP: 10/44 [Edmund/+4 flail of protection (10)]
  4540 | D:6      | 4540 ||| READING 8 scrolls of teleportation.
  4541 | D:6      | 4541 ||| DRINKING potion of heal wounds.
  4643 | D:6      | 4643 ||| Stepping ~*~*~tactically~*~*~ (stealth).
  4645 | D:6      | 4645 ||| Stepping ~*~*~tactically~*~*~ (hiding).
  4656 | D:6      | Killed Edmund
  4657 | D:6      | Reached XP level 8. HP: 26/49 MP: 8/8
  4739 | D:6      | 4739 ||| DROPPING +0 flail.
  4749 | D:6      | Identified the staff of death "Enompusi" {Drain rF+ rN+
                  | Int+4}
  4774 | D:6      | Noticed Prince Ribbit
  4934 | D:6      | Found a staircase to the Ecumenical Temple.
  4935 | D:6      | 4935 ||| PLANNING TEMPLE
  5048 | D:6      | 5048 ||| UPGRADING to ring of see invisible.
  5049 | D:6      | 5049 ||| READING scroll labelled GURIQU PECYLUCH.
  5050 | D:6      | 5050 ||| READING scroll labelled QIH GIEN VANLI.
  5051 | D:6      | 5051 ||| DRINKING 2 grey potions.
  5052 | D:6      | 5052 ||| READING 2 scrolls of identify.
  5052 | D:6      | 5052 ||| IDENTIFYING amethyst potion
  5053 | D:6      | 5053 ||| DROPPING potion of flight.
  5092 | D:7      | 5092 ||| STAIRDANCE
  5097 | D:6      | Reached skill level 8 in Axes
  5098 | D:6      | Killed Prince Ribbit
  5137 | D:6      | 5137 ||| DRINKING 2 metallic ruby potions.
  5141 | Temple   | Entered the Ecumenical Temple
  5255 | Temple   | 5255 ||| PLANNING D:1-11
  5439 | D:7      | Reached skill level 1 in Throwing
  5446 | D:7      | 5446 ||| Stepping ~*~*~tactically~*~*~ (stealth).
  5448 | D:7      | 5448 ||| Stepping ~*~*~tactically~*~*~ (hiding).
  5454 | D:7      | Reached skill level 6 in Fighting
  5460 | D:7      | Reached XP level 9. HP: 55/55 MP: 9/9
  5612 | D:7      | Reached skill level 9 in Axes
  5615 | D:7      | 5615 ||| Stepping ~*~*~tactically~*~*~ (hiding).
  5616 | D:7      | 5616 ||| Stepping ~*~*~tactically~*~*~ (hiding).
  5790 | D:7      | Found a white marble altar of Elyvilon.
  5791 | D:7      | Found a snail-covered altar of Cheibriados.
  6150 | D:7      | 6150 ||| UPGRADING to +1 helmet.
  6155 | D:7      | 6155 ||| UPGRADING to amulet of faith.
  6165 | D:7      | 6165 ||| READING 2 scrolls of identify.
  6165 | D:7      | 6165 ||| IDENTIFYING fizzy coppery potion
  6234 | D:8      | Noticed a two-headed ogre
  6243 | D:8      | Killed a two-headed ogre
  6363 | D:8      | Found a broken altar of Ashenzari.
  6364 | D:8      | Identified the +1 hat "Munysel" {Rampage rF++ Will+ Int+2}
  6495 | D:8      | Found a shimmering blue altar of Sif Muna.
  6563 | D:8      | Noticed a two-headed ogre
  6573 | D:8      | Killed a two-headed ogre
  6574 | D:8      | Reached skill level 10 in Axes
  6574 | D:8      | Reached XP level 10. HP: 34/65 MP: 10/10
  6844 | D:8      | Reached skill level 6 in Armour
  6947 | D:8      | 6947 ||| UPGRADING to +1 hat "Munysel" {Rampage rF++ Will+
                  | Int+2}.
  6957 | D:8      | 6957 ||| UPGRADING to +2 buckler.
  6967 | D:8      | 6967 ||| DROPPING +0 buckler.
  6968 | D:8      | 6968 ||| DROPPING scarf of repulsion.
  6969 | D:8      | 6969 ||| READING scroll labelled BOROISS ASULIM.
  7027 | D:9      | HP: 13/65 [yak (7)]
  7028 | D:9      | 7028 ||| READING 9 scrolls of teleportation.
  7032 | D:9      | Reached skill level 11 in Axes
  7266 | D:9      | 7266 ||| Stepping ~*~*~tactically~*~*~ (stealth).
  7272 | D:9      | 7272 ||| Stepping ~*~*~tactically~*~*~ (stealth).
  7274 | D:9      | 7274 ||| Stepping ~*~*~tactically~*~*~ (stealth).
  7275 | D:9      | 7275 ||| Stepping ~*~*~tactically~*~*~ (stealth).
  7291 | D:9      | Found Rahauc's Weapon Emporium.
  7291 | D:9      | Found a staircase to the Orcish Mines.
  7293 | D:9      | Found Qoed's Armour Emporium.
  7318 | D:9      | 7318 ||| BUYING +0 pair of boots (63 gold).
  7318 | D:9      | Bought a +0 pair of boots for 63 gold pieces
  7334 | D:9      | 7334 ||| Stepping ~*~*~tactically~*~*~ (hiding).
  7335 | D:9      | 7335 ||| Stepping ~*~*~tactically~*~*~ (hiding).
  7337 | D:9      | 7337 ||| Stepping ~*~*~tactically~*~*~ (hiding).
  7432 | D:9      | Found an iron altar of Okawaru.
  7433 | D:9      | 7433 ||| PLANNING OKAWARU WORSHIP
  7433 | D:9      | 7433 ||| UPGRADING to +0 plate armour.
  7443 | D:9      | 7443 ||| DROPPING +0 chain mail.
  7444 | D:9      | 7444 ||| UPGRADING to +0 pair of boots.
  7449 | D:9      | 7449 ||| READING scroll labelled HUOGAG ZYENU.
  7450 | D:9      | 7450 ||| READING 3 scrolls of identify.
  7450 | D:9      | 7450 ||| IDENTIFYING blue potion
  7486 | D:9      | Became a worshipper of Warmaster Okawaru
  7486 | D:9      | 7486 ||| PLANNING D:1-11
  7581 | D:9      | 7581 ||| Stepping ~*~*~tactically~*~*~ (stealth).
  7584 | D:9      | 7584 ||| Stepping ~*~*~tactically~*~*~ (stealth).
  7701 | D:9      | Found a hazy altar of Hepliaklqana.
  7781 | D:9      | Reached * piety under Okawaru
  7782 | D:9      | Reached skill level 3 in Throwing
  7807 | D:9      | 7807 ||| Stepping ~*~*~tactically~*~*~ (stealth).
  7808 | D:9      | 7808 ||| Stepping ~*~*~tactically~*~*~ (stealth).
  7811 | D:9      | 7811 ||| Stepping ~*~*~tactically~*~*~ (stealth).
  7812 | D:9      | 7812 ||| Stepping ~*~*~tactically~*~*~ (stealth).
  7815 | D:9      | 7815 ||| Stepping ~*~*~tactically~*~*~ (hiding).
  7816 | D:9      | 7816 ||| Stepping ~*~*~tactically~*~*~ (hiding).
  7829 | D:9      | Reached skill level 1 in Invocations
  7870 | D:9      | Noticed a two-headed ogre
  7871 | D:9      | 7871 ||| INVOKING Heroism.
  7876 | D:9      | Killed a two-headed ogre
  7877 | D:9      | Reached skill level 3 in Invocations
  7877 | D:9      | Reached XP level 11. HP: 69/69 MP: 9/13
  7974 | D:9      | Found a staircase to the Lair.
  7975 | D:9      | 7975 ||| INVOKING Heroism.
  8075 | D:9      | 8075 ||| PLANNING LAIR
  8135 | Lair:1   | Entered Level 1 of the Lair of Beasts
  8147 | Lair:1   | 8147 ||| INVOKING Heroism.
  8375 | Lair:1   | Reached skill level 9 in Fighting
  8438 | Lair:1   | 8438 ||| INVOKING Heroism.
  8486 | Lair:1   | 8486 ||| INVOKING Heroism.
  8491 | Lair:1   | Reached ** piety under Okawaru
  8628 | Lair:1   | 8628 ||| INVOKING Heroism.
  8770 | Lair:1   | 8770 ||| INVOKING Heroism.
  9018 | Lair:1   | 9018 ||| INVOKING Heroism.
  9024 | Lair:1   | Reached skill level 12 in Axes
  9075 | Lair:1   | 9075 ||| READING scroll labelled MAIR NAAWA.
  9087 | Lair:2   | Noticed a five-headed hydra
  9088 | Lair:2   | 9088 ||| INVOKING Heroism.
  9089 | Lair:2   | 9089 ||| SWAPPING to +4 flail of protection.
  9097 | Lair:2   | Killed a five-headed hydra
  9098 | Lair:2   | 9098 ||| SWAPPING to +0 spectral war axe.
  9101 | Lair:2   | 9101 ||| STAIRDANCE
  9107 | Lair:1   | HP: 17/71 [yak (4)]
  9108 | Lair:1   | Reached skill level 9 in Armour
  9108 | Lair:1   | 9108 ||| READING 11 scrolls of teleportation.
  9320 | Lair:2   | 9320 ||| INVOKING Heroism.
  9325 | Lair:2   | Reached skill level 6 in Shields
  9328 | Lair:2   | Reached *** piety under Okawaru
  9329 | Lair:2   | Reached XP level 12. HP: 42/77 MP: 12/15
  9342 | Lair:2   | Reached **** piety under Okawaru
  9343 | Lair:2   | 9343 ||| INVOKING Heroism.
  9461 | Lair:2   | 9461 ||| Stepping ~*~*~tactically~*~*~ (stealth).
  9462 | Lair:2   | 9462 ||| Stepping ~*~*~tactically~*~*~ (stealth).
  9473 | Lair:2   | 9473 ||| INVOKING Heroism.
  9515 | Lair:2   | 9515 ||| Stepping ~*~*~tactically~*~*~ (stealth).
  9519 | Lair:2   | 9519 ||| INVOKING Heroism.
  9596 | Lair:2   | 9596 ||| INVOKING Heroism.
  9666 | Lair:2   | Received a gift from Okawaru
 10033 | Lair:3   | 10033 ||| Stepping ~*~*~tactically~*~*~ (stealth).
 10034 | Lair:3   | 10034 ||| Stepping ~*~*~tactically~*~*~ (stealth).
 10035 | Lair:3   | 10035 ||| Stepping ~*~*~tactically~*~*~ (stealth).
 10041 | Lair:3   | Reached skill level 13 in Axes
 10046 | Lair:3   | 10046 ||| INVOKING Heroism.
 10050 | Lair:3   | Reached skill level 6 in Invocations
 10258 | Lair:3   | Found a staircase to the Shoals.
 10366 | Lair:3   | Reached ***** piety under Okawaru
 10398 | Lair:3   | 10398 ||| Stepping ~*~*~tactically~*~*~ (stealth).
 10411 | Lair:3   | 10411 ||| INVOKING Heroism.
 10630 | Lair:3   | 10630 ||| Stepping ~*~*~tactically~*~*~ (water).
 10633 | Lair:3   | Received a gift from Okawaru
 10782 | Lair:3   | 10782 ||| INVOKING Heroism.
 10806 | Lair:3   | 10806 ||| Stepping ~*~*~tactically~*~*~ (stealth).
 10816 | Lair:3   | 10816 ||| INVOKING Heroism.
 10968 | Lair:3   | 10968 ||| READING scroll of enchant armour.
 10968 | Lair:3   | 10968 ||| ENCHANTING +0 pair of gloves.
 11005 | Lair:3   | Found a hole to the Spider Nest.
 11013 | Lair:3   | Noticed a catoblepas
 11017 | Lair:3   | 11017 ||| Stepping ~*~*~tactically~*~*~ (hiding).
 11018 | Lair:3   | 11018 ||| INVOKING Heroism.
 11025 | Lair:3   | Killed a catoblepas
 11342 | Lair:4   | 11342 ||| Stepping ~*~*~tactically~*~*~ (stealth).
 11343 | Lair:4   | 11343 ||| Stepping ~*~*~tactically~*~*~ (stealth).
 11344 | Lair:4   | 11344 ||| Stepping ~*~*~tactically~*~*~ (stealth).
 11346 | Lair:4   | 11346 ||| Stepping ~*~*~tactically~*~*~ (stealth).
 11348 | Lair:4   | 11348 ||| Stepping ~*~*~tactically~*~*~ (stealth).
 11351 | Lair:4   | 11351 ||| Stepping ~*~*~tactically~*~*~ (stealth).
 11353 | Lair:4   | 11353 ||| Stepping ~*~*~tactically~*~*~ (stealth).
 11360 | Lair:4   | Reached XP level 13. HP: 79/82 MP: 19/19
 11368 | Lair:4   | 11368 ||| INVOKING Heroism.
 11541 | Lair:4   | Found a viscous altar of Jiyva.
 11543 | Lair:4   | 11543 ||| Stepping ~*~*~tactically~*~*~ (stealth).
 11543 | Lair:4   | Found a staircase to the Slime Pits.
 11544 | Lair:4   | 11544 ||| Stepping ~*~*~tactically~*~*~ (stealth).
 11545 | Lair:4   | 11545 ||| Stepping ~*~*~tactically~*~*~ (wall).
 11586 | Lair:4   | 11586 ||| Stepping ~*~*~tactically~*~*~ (stealth).
 11589 | Lair:4   | Received a gift from Okawaru
 11591 | Lair:4   | 11591 ||| INVOKING Heroism.
 11592 | Lair:4   | 11592 ||| INVOKING Finesse.
 11601 | Lair:4   | 11601 ||| SWAPPING to +4 flail of protection.
 11616 | Lair:4   | Reached skill level 9 in Invocations
 11616 | Lair:4   | 11616 ||| SWAPPING to +0 spectral war axe.
 11668 | Lair:4   | 11668 ||| INVOKING Heroism.
 11965 | Lair:4   | 11965 ||| INVOKING Heroism.
 12448 | Lair:4   | 12448 ||| UPGRADING to +6 ring of dexterity.
 12449 | Lair:4   | 12449 ||| UPGRADING to +5 ring of evasion.
 12451 | Lair:4   | 12451 ||| UPGRADING to ring of see invisible.
 12476 | Lair:5   | Entered Level 5 of the Lair of Beasts
 12499 | Lair:5   | 12499 ||| Stepping ~*~*~tactically~*~*~ (hiding).
 12500 | Lair:5   | 12500 ||| INVOKING Heroism.
 12513 | Lair:5   | 12513 ||| Stepping ~*~*~tactically~*~*~ (hiding).
 12515 | Lair:5   | Reached skill level 14 in Axes
 12521 | Lair:5   | 12521 ||| INVOKING Heroism.
 12524 | Lair:5   | 12524 ||| Stepping ~*~*~tactically~*~*~ (hiding).
 12540 | Lair:5   | 12540 ||| Stepping ~*~*~tactically~*~*~ (hiding).
 12617 | Lair:5   | 12617 ||| Stepping ~*~*~tactically~*~*~ (stealth).
 12618 | Lair:5   | 12618 ||| Stepping ~*~*~tactically~*~*~ (stealth).
 12721 | Lair:5   | 12721 ||| FLEEEEING.
 12722 | Lair:5   | 12722 ||| FLEEEEING.
 12723 | Lair:5   | 12723 ||| FLEEEEING.
 12724 | Lair:5   | 12724 ||| FLEEEEING.
 12726 | Lair:5   | 12726 ||| FLEEEEING.
 12728 | Lair:5   | 12728 ||| FLEEEEING.
 12785 | Lair:5   | Received a gift from Okawaru
 12802 | Lair:5   | Identified the +9 quarterstaff of Distant Worlds {spect,
                  | SInv}
 12928 | Lair:5   | 12928 ||| INVOKING Heroism.
 12931 | Lair:5   | Received a gift from Okawaru
 13029 | Lair:5   | 13029 ||| SWAPPING to +1 broad axe of electrocution.
 13030 | Lair:5   | 13030 ||| DROPPING +0 spectral war axe.
 13031 | Lair:5   | 13031 ||| DROPPING +0 broad axe of venom.
 13067 | Lair:5   | 13067 ||| INVOKING Heroism.
 13081 | Lair:5   | Identified the +0 troll leather armour of Suet {rF+ rC+
                  | Regen+ rCorr}
 13094 | Lair:5   | 13094 ||| Stepping ~*~*~tactically~*~*~ (stealth).
 13107 | Lair:5   | 13107 ||| INVOKING Heroism.
 13161 | Lair:5   | 13161 ||| Stepping ~*~*~tactically~*~*~ (stealth).
 13183 | Lair:5   | Reached skill level 15 in Axes
 13183 | Lair:5   | Gained mutation: Your large and strong wings let you fly.
                  | [Gargoyle growth]
 13183 | Lair:5   | Reached XP level 14. HP: 80/90 MP: 21/21
 13273 | Lair:5   | Identified the +5 dagger "Rynofus" {venom, rC+ rCorr MP+9
                  | Dex+3}
 13353 | Lair:5   | Received a gift from Okawaru
 13367 | Lair:5   | 13367 ||| INVOKING Heroism.
 13384 | Lair:5   | 13384 ||| Stepping ~*~*~tactically~*~*~ (stealth).
 13413 | Lair:5   | 13413 ||| INVOKING Finesse.
 13550 | Lair:5   | Identified the ring of Hard Scrabble {rN+ rCorr Int+2
                  | Stlth+}
 13625 | Lair:5   | 13625 ||| Stepping ~*~*~tactically~*~*~ (stealth).
 13736 | Lair:5   | 13736 ||| Stepping ~*~*~tactically~*~*~ (stealth).
 13738 | Lair:5   | 13738 ||| Stepping ~*~*~tactically~*~*~ (stealth).
 14004 | Lair:5   | 14004 ||| FLEEEEING.
 14005 | Lair:5   | 14005 ||| FLEEEEING.
 14006 | Lair:5   | 14006 ||| FLEEEEING.
 14007 | Lair:5   | 14007 ||| FLEEEEING.
 14008 | Lair:5   | 14008 ||| FLEEEEING.
 14009 | Lair:5   | 14009 ||| FLEEEEING.
 14101 | Lair:5   | 14101 ||| Stepping ~*~*~tactically~*~*~ (hiding).
 14127 | Lair:5   | 14127 ||| Stepping ~*~*~tactically~*~*~ (hiding).
 14189 | Lair:5   | 14189 ||| Stepping ~*~*~tactically~*~*~ (hiding).
 14190 | Lair:5   | 14190 ||| Stepping ~*~*~tactically~*~*~ (hiding).
 14200 | Lair:5   | 14200 ||| INVOKING Heroism.
 14201 | Lair:5   | 14201 ||| INVOKING Finesse.
 14206 | Lair:5   | 14206 ||| Stepping ~*~*~tactically~*~*~ (hiding).
 14279 | Lair:5   | Identified the staff of earth "Zoliry" {rElec Stlth+}
 14484 | Lair:5   | 14484 ||| PLANNING D:1-11
 14592 | D:10     | Entered Level 10 of the Dungeon
 14730 | D:10     | Reached skill level 12 in Fighting
 14749 | D:10     | Found the +8 Vampire's Tooth {megavamp}
 14751 | D:10     | 14751 ||| Stepping ~*~*~tactically~*~*~ (stealth).
 14753 | D:10     | 14753 ||| Stepping ~*~*~tactically~*~*~ (hiding).
 14853 | D:10     | Found Egiborui's Armour Shop.
 14865 | D:10     | 14865 ||| BUYING scarf of resistance (448 gold).
 14865 | D:10     | Bought a scarf of resistance for 448 gold pieces
 15042 | D:10     | 15042 ||| Stepping ~*~*~tactically~*~*~ (hiding).
 15270 | D:10     | 15270 ||| Stepping ~*~*~tactically~*~*~ (hiding).
 15498 | D:10     | 15498 ||| INVOKING Heroism.
 15499 | D:10     | 15499 ||| INVOKING Finesse.
 15814 | D:10     | 15814 ||| DROPPING +0 war axe of venom.
 15819 | D:10     | Identified the +1 buckler of the Kangaroo {rC++ Str+2 Int+2
                  | Dex-5}
 15925 | D:10     | 15925 ||| UPGRADING to +1 buckler of the Kangaroo {rC++
                  | Str+2 Int+2 Dex-5}.
 15935 | D:10     | 15935 ||| UPGRADING to +6 ring of dexterity.
 15981 | D:11     | 15981 ||| FLEEEEING.
 15983 | D:11     | 15983 ||| FLEEEEING.
 15984 | D:11     | 15984 ||| INVOKING Heroism.
 16126 | D:11     | 16126 ||| INVOKING Heroism.
 16377 | D:11     | 16377 ||| Stepping ~*~*~tactically~*~*~ (hiding).
 16378 | D:11     | 16378 ||| INVOKING Heroism.
 16385 | D:11     | Reached skill level 3 in Dodging
 16389 | D:11     | Received a gift from Okawaru
 16910 | D:11     | Received a gift from Okawaru
 17254 | D:11     | 17254 ||| Stepping ~*~*~tactically~*~*~ (stealth).
 17256 | D:11     | 17256 ||| Stepping ~*~*~tactically~*~*~ (stealth).
 17266 | D:11     | Received a gift from Okawaru
 17316 | D:11     | 17316 ||| Stepping ~*~*~tactically~*~*~ (stealth).
 17351 | D:11     | 17351 ||| PLANNING D
 17351 | D:11     | 17351 ||| READING scroll labelled QAYNIP GANUG.
 17442 | D:12     | 17442 ||| INVOKING Heroism.
 17459 | D:12     | Received a gift from Okawaru
 17551 | D:12     | Reached skill level 16 in Axes
 17763 | D:12     | 17763 ||| FLEEEEING.
 17837 | D:12     | 17837 ||| Stepping ~*~*~tactically~*~*~ (hiding).
 17902 | D:12     | Received a gift from Okawaru
 17904 | D:12     | 17904 ||| INVOKING Heroism.
 17905 | D:12     | 17905 ||| INVOKING Finesse.
 17933 | D:12     | 17933 ||| Stepping ~*~*~tactically~*~*~ (stealth).
 17934 | D:12     | 17934 ||| Stepping ~*~*~tactically~*~*~ (stealth).
 17959 | D:12     | 17959 ||| DROPPING +4 flail of protection.
 17991 | D:12     | 17991 ||| INVOKING Heroism.
 18231 | D:12     | 18231 ||| READING 2 scrolls labelled BAROAL OT NUOT.
 18232 | D:12     | 18232 ||| DROPPING scroll of noise.
 18289 | D:13     | Found a gate to the Vaults.
 18290 | D:13     | 18290 ||| INVOKING Heroism.
 18295 | D:13     | Received a gift from Okawaru
 18298 | D:13     | Reached XP level 15. HP: 90/96 MP: 20/22
 18301 | D:13     | 18301 ||| STAIRDANCE
 18305 | D:12     | Reached skill level 12 in Armour
 18307 | D:12     | HP: 21/96 [two-headed ogre/+0 giant spiked club (9)]
 18308 | D:12     | 18308 ||| READING 14 scrolls of teleportation.
 18309 | D:12     | 18309 ||| DRINKING potion of heal wounds.
 18545 | D:12     | 18545 ||| Stepping ~*~*~tactically~*~*~ (stealth).
 18546 | D:12     | 18546 ||| Stepping ~*~*~tactically~*~*~ (stealth).
 18592 | D:13     | 18592 ||| STAIRDANCE
 18594 | D:12     | 18594 ||| INVOKING Heroism.
 18706 | D:13     | 18706 ||| INVOKING Heroism.
 18708 | D:13     | Received a gift from Okawaru
 19044 | D:13     | 19044 ||| Stepping randomly (disturbance).
 19290 | D:13     | 19290 ||| Stepping ~*~*~tactically~*~*~ (stealth).
 19292 | D:13     | 19292 ||| Stepping ~*~*~tactically~*~*~ (stealth).
 19293 | D:13     | 19293 ||| Stepping ~*~*~tactically~*~*~ (stealth).
 19656 | D:13     | 19656 ||| INVOKING Heroism.
 19873 | D:13     | 19873 ||| READING scroll labelled QAENLI NAEPEOH.
 19873 | D:13     | Identified a scroll of acquirement
 19873 | D:13     | 19873 ||| ACQUIRING +5 eveningstar of Distraction {protect,
                  | rF+}
 19873 | D:13     | Acquired the +5 eveningstar of Distraction {protect, rF+}
 19875 | D:13     | 19875 ||| DROPPING +0 morningstar.
 19876 | D:13     | 19876 ||| READING scroll of enchant weapon.
 19876 | D:13     | 19876 ||| ENCHANTING +1 broad axe of electrocution.
 19909 | D:14     | Reached skill level 6 in Throwing
 20025 | D:14     | 20025 ||| INVOKING Heroism.
 20149 | D:14     | 20149 ||| INVOKING Heroism.
 20358 | D:14     | 20358 ||| Stepping ~*~*~tactically~*~*~ (hiding).
 20605 | D:14     | 20605 ||| Stepping ~*~*~tactically~*~*~ (hiding).
 20606 | D:14     | 20606 ||| Stepping ~*~*~tactically~*~*~ (hiding).
 20607 | D:14     | 20607 ||| Stepping ~*~*~tactically~*~*~ (hiding).
 20836 | D:14     | 20836 ||| INVOKING Heroism.
 20839 | D:14     | 20839 ||| Stepping ~*~*~tactically~*~*~ (stealth).
 21056 | D:14     | 21056 ||| INVOKING Finesse.
 21067 | D:14     | 21067 ||| Stepping ~*~*~tactically~*~*~ (stealth).
 21068 | D:14     | 21068 ||| Stepping ~*~*~tactically~*~*~ (stealth).
 21069 | D:14     | 21069 ||| Stepping ~*~*~tactically~*~*~ (stealth).
 21070 | D:14     | 21070 ||| Stepping ~*~*~tactically~*~*~ (stealth).
 21076 | D:14     | 21076 ||| Stepping ~*~*~tactically~*~*~ (stealth).
 21097 | D:14     | 21097 ||| INVOKING Heroism.
 21103 | D:14     | 21103 ||| SWAPPING to +5 eveningstar of Distraction
                  | {protect, rF+}.
 21108 | D:14     | 21108 ||| SWAPPING to +2 broad axe of electrocution.
 21140 | D:14     | Received a gift from Okawaru
 21356 | D:14     | 21356 ||| DROPPING +0 hat of willpower.
 21409 | D:15     | Entered Level 15 of the Dungeon
 21409 | D:15     | Noticed Josephine
 21410 | D:15     | 21410 ||| INVOKING Heroism.
 21420 | D:15     | Killed Josephine
 21421 | D:15     | 21421 ||| INVOKING Finesse.
 21422 | D:15     | Received a gift from Okawaru
 21423 | D:15     | Reached skill level 17 in Axes
 21428 | D:15     | HP: 19/97 [ettin/+0 dire flail (13)]
 21429 | D:15     | 21429 ||| READING 14 scrolls of teleportation.
 21429 | D:15     | HP: 6/97 [ettin/+0 dire flail (8)]
 21430 | D:15     | 21430 ||| DRINKING 2 potions of heal wounds.
 21434 | D:15     | HP: 16/97 [slime creature (11)]
 21435 | D:15     | 21435 ||| READING 13 scrolls of teleportation.
 21436 | D:15     | 21436 ||| DRINKING potion of heal wounds.
 21440 | D:15     | 21440 ||| INVOKING Heroism.
 21670 | D:15     | 21670 ||| INVOKING Heroism.
 21688 | D:15     | HP: 24/97 [deep troll (3)]
 21688 | D:15     | HP: 11/97 [deep troll (13)]
 21689 | D:15     | 21689 ||| READING 12 scrolls of teleportation.
 21689 | D:15     | HP: 3/97 [tengu warrior/+2 heavy broad axe (9)]
 21692 | D:15     | Slain by a deep troll

Levels and vault maps discovered:
D:1:      dpeg_arrival_windows_large_door, layout_loops_ring
D:2:      layout_loops_corners, ebering_ecumenical_altar_box, st_stairs_13,
          minmay_pentomino_s2, uniq_jessica
D:3:      layout_loops_ring, chequers_temple_overflow_minitemple,
          fedhas_ov_isle_minmay, mainiacjoe_overflow_alcove_4,
          old_standard_altar, uniq_sigmund
D:4:      layout_basic
D:5:      layout_gridville, general_overflow_altar, serial_shops, shop,
          nicolae_shop_real_fake_doors, nicolae_shop_tiny_glass,
          nicolae_shop_waterfront, kennysheep_little_box, gammafunk_ghost_grave,
          uniq_crazy_yiuf_cottage
D:6:      layout_basic, minmay_temple_entry_from_below_b, uniq_prince_ribbit1,
          uniq_blork_the_orc, uniq_edmund
D:7:      layout_basic, grunt_temple_overflow_open, nicolae_elevator_lobby_plus
D:8:      layout_cave_pools, mainiacjoe_overflow_catwalk, lemuel_tele_altar,
          minmay_statues_item
D:9:      layout_stronghold, okawaru_humans, pf_just_have_faith,
          grunt_lair_entry_orc_guard_hut, orc_david_3
D:10:     layout_layer_cave, serial_shops, nicolae_shop_stone,
          minmay_misc_feat_secret_circle, minmay_diamond_spiral
D:11:     layout_grid_maze
D:12:     layout_basic, chequers_garden, nicolae_zen_rock_garden
D:13:     layout_layer_cave, david_vaults_3
D:14:     layout_layer_cave, portal_ice_cave_entry_pillars_four
D:15:     hangedman_depths_entry_civil_slaughter, layout_long_grid,
          hangedman_glass_teeth, uniq_josephine
Temple:   nicolae_temple_figure_zero
Lair:1:   layout_roguey
Lair:2:   layout_hall_layers, special_room [special_room_bee], evilmike_ambush
          [evilmike_ambush_outer_basic, evilmike_ambush_inner_pond],
          serial_bayou_shore_b
Lair:3:   layout_regular_city, elwin_shoals_entry_rooms, dummy_spider_entry,
          serial_bayou_pond_c, grunt_megastairs_5
Lair:4:   layout_concentric_octagons, nicolae_slime_entry_slimehenge
Lair:5:   guppyfry_lair_end_dragon, layout_regular_city,
          hangedman_lair_tendril_chambers, nicolae_volcano_entry_lava_flow,
          bobbens_dragon_lair_wall, lemuel_fruit_tree

Skill      XL: |  1  2  3  4  5  6  7  8  9 10 11 12 13 14 15 |
---------------+----------------------------------------------+-----
Axes           | 2 3 4 5 7 8 10 11 12 13 15 16 17 | 17.0
Fighting       | 5 6 8 9 10 11 12 | 12.6
Dodging        | 1 2 3 |  3.0
Armour         | 5 7 9 10 11 12 | 12.0
Throwing       | 1 3 4 5 7 |  7.0
Shields        | 4 5 6 7 8 |  8.0
Invocations    | 3 4 8 10 | 10.0

Action                     |  1- 3 |  4- 6 |  7- 9 | 10-12 | 13-15 || total
---------------------------+-------+-------+-------+-------+-------++-------
  Melee: War axe           |   101 |   180 |   185 |   320 |   143 ||   929
         Flail             |       |       |       |     8 |    14 ||    22
         Broad axe         |       |       |       |       |   618 ||   618
         Eveningstar       |       |       |       |       |     4 ||     4
  Throw: Boomerang         |       |       |    21 |    43 |    93 ||   157
         Javelin           |       |       |       |    44 |    90 ||   134
 Invoke: Heroism           |       |       |       |    19 |    29 ||    48
         Finesse           |       |       |       |       |     7 ||     7
    Use: Scroll            |     3 |     7 |    11 |     7 |     8 ||    36
         Potion            |       |       |     3 |       |     3 ||     6
   Stab: Distracted        |       |       |     2 |       |     2 ||     4
 Armour: Scale mail        |    37 |    73 |       |       |       ||   110
         Chain mail        |       |     9 |    72 |    17 |       ||    98
         Plate armour      |       |       |       |   174 |   470 ||   644
  Dodge: Dodged            |    42 |    65 |    36 |    89 |   419 ||   651
  Block: Buckler           |    14 |    40 |    74 |    99 |   269 ||   496

Table legend:
 A = Non-vault XP
 B = Vault XP
 C = Vault XP percentage of total XP
 D = Non-vault monster count
 E = Vault monster count
 F = Vault count percentage of total count
                 A         B        C        D         E       F
            +---------+---------+-------+---------+---------+-------
      Total |   79903 |   37823 |  32.1 |     378 |     151 |  28.5
            +---------+---------+-------+---------+---------+-------
        D:1 |      48 |       0 |   0.0 |      27 |       0 |   0.0
        D:2 |      69 |      42 |  37.8 |      22 |       4 |  15.4
        D:3 |      98 |     214 |  68.6 |      22 |       1 |   4.3
        D:4 |     268 |       0 |   0.0 |      15 |       0 |   0.0
        D:5 |     245 |       0 |   0.0 |      16 |       0 |   0.0
        D:6 |     557 |     537 |  49.1 |       9 |       3 |  25.0
        D:7 |    1100 |       0 |   0.0 |      22 |       0 |   0.0
        D:8 |    2367 |       0 |   0.0 |       8 |       0 |   0.0
        D:9 |    3530 |    1183 |  25.1 |      23 |      14 |  37.8
       D:10 |    2561 |    1706 |  40.0 |      14 |       3 |  17.6
       D:11 |    8377 |       0 |   0.0 |      28 |       0 |   0.0
       D:12 |    7004 |    2902 |  29.3 |      24 |       7 |  22.6
       D:13 |    6499 |    2637 |  28.9 |      16 |      12 |  42.9
       D:14 |   10965 |       0 |   0.0 |      15 |       0 |   0.0
       D:15 |    5821 |    3345 |  36.5 |      11 |       7 |  38.9
     Lair:1 |    4933 |     902 |  15.5 |      20 |       4 |  16.7
     Lair:2 |    5219 |    2541 |  32.7 |      19 |      20 |  51.3
     Lair:3 |    6728 |    1164 |  14.7 |      26 |       3 |  10.3
     Lair:4 |    6407 |      85 |   1.3 |      21 |       3 |  12.5
     Lair:5 |    7107 |   20565 |  74.3 |      20 |      70 |  77.8
            +---------+---------+-------+---------+---------+-------
